 Dungeon Crawl Stone Soup version 0.18-a0-5-gf1fb587 (webtiles) character file.

1307 tp1 the Thaumaturge (level 8, 0/41 HPs)
             Began as a Deep Elf Wizard on Oct 31, 2015.
             Was a Follower of Vehumet.
             Slain by a giant frog (4 damage)
             ... on level 7 of the Dungeon.
             The game lasted 00:42:58 (9285 turns).

tp1 the Thaumaturge (Deep Elf Wizard)               Turns: 9285, Time: 00:42:58

Health: 0/41       AC:  5    Str:  9    XL:     8   Next: 32%
Magic:  4/22       EV: 12    Int: 26    God:    Vehumet [*.....]
Gold:   251        SH:  0    Dex: 13    Spells: 6 memorised, 10 levels left

rFire  + . .     SeeInvis .     t - +1 short sword (venom)
rCold  . . .     Clarity  .     a - +0 robe
rNeg   . . .     SustAt   .     (no shield)
rPois  .         Gourm    .     r - +0 helmet
rElec  .         Spirit   .     (no cloak)
rCorr  .         Warding  .     w - +0 pair of gloves
rMut   .         Stasis   .     v - +0 pair of boots
MR     .....                    (no amulet)
Stlth  ++........               (no ring)
                                u - ring of Mysticism {+Inv rF+}

@: mighty, repel missiles, not resistant to hostile enchantments, unstealthy
A: no striking features
a: Renounce Religion, Evoke Invisibility


You were on level 7 of the Dungeon.
You worshipped Vehumet.
Vehumet was aware of your devotion.
You were not hungry.

You visited 2 branches of the dungeon, and saw 9 of its levels.

You collected 251 gold pieces.

Inventory:

Hand Weapons
 l - a +0 dagger
 t - a +1 short sword of venom (weapon)
 D - a +0 quarterstaff
Armour
 a - a +0 robe (worn)
 b - a +0 hat
 r - a +0 helmet (worn)
 v - a +0 pair of boots (worn)
 w - a +0 pair of gloves (worn)
 y - a +0 buckler
 F - a +0 robe of magic resistance
Jewellery
 j - an uncursed ring of teleportation
 q - a cursed ring of teleportation
 u - the ring of Mysticism (left hand) {+Inv rF+}
   (You found it on level 4 of the Dungeon)

   [ring of invisibility]

   It protects you from fire.
   It lets you turn invisible.
Wands
 E - a wand of flame (21)
Scrolls
 e - a scroll of magic mapping
 g - a scroll of noise {unknown}
 h - 3 scrolls of remove curse
 i - 3 scrolls of identify {unknown}
 k - a scroll of amnesia {unknown}
 s - 2 scrolls of fear {unknown}
 x - a scroll of enchant armour {unknown}
Potions
 f - a potion of cure mutation
 B - a potion of poison
 C - a potion of might
Books
 c - a book of Minor Magic

   Spells                             Type                      Level
   a - Magic Dart                     Conjuration                  1
   b - Blink                          Translocation                2
   c - Call Imp                       Summoning                    2
   d - Repel Missiles                 Charms/Air                   2
   e - Slow                           Hexes                        2
   f - Conjure Flame                  Conjuration/Fire             3
   g - Mephitic Cloud                 Conjuration/Poison/Air       3
Comestibles
 d - a bread ration
 m - 4 fruits
 n - a royal jelly
 p - a meat ration
 z - 6 chunks of flesh
 A - a beef jerky


   Skills:
 - Level 2.4 Dodging
 - Level 2.4 Stealth
 - Level 8.4 Spellcasting
 - Level 4.3 Conjurations
 - Level 5.3 Charms
 - Level 1.1 Summonings
 - Level 1.1 Translocations
 - Level 6.2 Fire Magic
 - Level 1.0 Air Magic
 - Level 1.0 Poison Magic
 + Level 1.6 Evocations


You had 10 spell levels left.
You knew the following spells:

 Your Spells              Type           Power        Failure   Level  Hunger
a - Magic Dart            Conj           ####         1%          1    None
b - Conjure Flame         Conj/Fire      #####...     1%          3    None
c - Mephitic Cloud        Conj/Pois/Air  ###.....     10%         3    None
d - Blink                 Tloc           N/A          6%          2    None
e - Call Imp              Summ           ###.....     6%          2    None
f - Repel Missiles        Chrm/Air       ####..       2%          2    None


Dungeon Overview and Level Annotations

Branches:
Dungeon (8/15)             Temple (1/1) D:4
   Lair: D:8-11

Altars:
Cheibriados
Dithmenos
Elyvilon
Kikubaaqudgha
Makhleb
Nemelex Xobeh
Qazlal
Ru
Sif Muna
Vehumet
Xom
Zin

Shops:
D:6 }

Annotations:
D:4 glosham's ghost, amateur DgMo
D:5 Eustachio; Prince Ribbit


Message History

It was a potion of poison.
That liquid tasted very nasty...
You are poisoned.
You feel sick. The giant frog hits you.
* * * LOW HITPOINT WARNING * * *
The giant frog hits you.
* * * LOW HITPOINT WARNING * * *
Drink which item? (? for menu, Esc to quit)
You feel better. The giant frog barely misses you. The giant frog hits you.
* * * LOW HITPOINT WARNING * * *
Drink which item? (? for menu, Esc to quit)
It was a potion of might.
You feel very mighty all of a sudden.
The giant frog hits you but does no damage.
You closely miss the giant frog.
The giant frog is heavily wounded.
The giant frog hits you.
* * * LOW HITPOINT WARNING * * *
The giant frog hits you.
You die...

#.....#
#.##### #.#
##### #K#
#...# #.#
###...# #.#
#.....# #.#
#.....####.#
#......@FSK#
#)[.########
##'##
###.#####
#.......#
#.......#####
#...........#
#.......###.#
######### #.#


You could see a big kobold, a giant frog and an adder.

Vanquished Creatures
  An orc warrior (D:6)
  A sky beast (D:5)
  An ice beast (D:3)
  An ogre (D:5)
  A giant frog (D:6)
  A water moccasin skeleton (D:4)
  3 crimson imps
  A hound (D:6)
  6 orc wizards
  3 orc priests
  A giant frog zombie (D:5)
  Jessica (D:4)
  A killer bee zombie (D:5)
  3 worker ants
  A hound zombie (D:7)
  A worker ant zombie (D:5)
  3 gnolls (D:3)
  8 adders
  A shadow imp (D:5)
  2 oozes
  An adder skeleton (D:5)
  3 worms
  5 giant geckos
  30 orcs
  A ball python (D:3)
  5 giant cockroaches
  10 goblins
  7 hobgoblins
  4 jackals
  7 bats
  4 giant newts
  9 kobolds
  14 rats
141 creatures vanquished.

Notes
Turn   | Place    | Note
--------------------------------------------------------------
     0 | D:1      | tp1 the Deep Elf Wizard began the quest for the Orb.
     0 | D:1      | Reached XP level 1. HP: 10/10 MP: 7/7
   414 | D:1      | Reached skill level 5 in Spellcasting
   461 | D:1      | Reached XP level 2. HP: 3/15 MP: 0/10
  2478 | D:2      | Reached XP level 3. HP: 19/19 MP: 9/11
  2922 | D:2      | Reached skill level 6 in Spellcasting
  2928 | D:2      | Learned a level 3 spell: Conjure Flame
  2932 | D:2      | Learned a level 3 spell: Mephitic Cloud
  2935 | D:2      | Learned a level 2 spell: Blink
  2938 | D:2      | Learned a level 2 spell: Call Imp
  2941 | D:2      | Learned a level 2 spell: Repel Missiles
  3082 | D:2      | Reached XP level 4. HP: 16/24 MP: 12/14
  4141 | D:3      | Reached skill level 1 in Fire Magic
  4305 | D:3      | Reached skill level 1 in Air Magic
  4461 | D:3      | Reached skill level 1 in Poison Magic
  4461 | D:3      | Reached XP level 5. HP: 28/28 MP: 11/15
  4571 | D:3      | Noticed an ice beast
  4593 | D:3      | Killed an ice beast
  4593 | D:3      | Reached skill level 7 in Spellcasting
  4716 | D:3      | Reached XP level 6. HP: 32/32 MP: 9/18
  4848 | D:3      | Found a burning altar of Makhleb.
  5709 | D:3      | Found a burning altar of Makhleb.
  6535 | D:4      | Found a staircase to the Ecumenical Temple.
  6541 | D:4      | Noticed glosham's ghost (amateur DgMo)
  6544 | Temple   | Entered the Ecumenical Temple
  6563 | Temple   | Became a worshipper of Vehumet
  6660 | D:4      | Found a glowing silver altar of Zin.
  6710 | D:4      | Noticed Jessica
  6772 | D:4      | Killed Jessica
  6840 | D:4      | Found a deep blue altar of Sif Muna.
  6896 | D:5      | Entered Level 5 of the Dungeon
  6910 | D:5      | Reached skill level 5 in Fire Magic
  6910 | D:5      | Reached XP level 7. HP: 21/36 MP: 4/19
  7010 | D:5      | Noticed Prince Ribbit
  7028 | D:4      | Got a smoking glass ring
  7029 | D:4      | Identified the ring of Mysticism {+Inv rF+} (You found it on level 4 of the Dungeon)
  7156 | D:5      | Noticed Eustachio
  7546 | D:5      | Reached skill level 8 in Spellcasting
  7662 | D:6      | Reached skill level 1 in Charms
  8066 | D:6      | Reached XP level 8. HP: 35/41 MP: 8/22
  8377 | D:6      | Reached * piety under Vehumet
  8377 | D:6      | Offered knowledge of Sandblast by Vehumet.
  8377 | D:6      | Reached skill level 5 in Charms
  8398 | D:6      | Found a shadowy altar of Dithmenos.
  8475 | D:6      | Found Pubbai's Quality Used Wands.
  8888 | D:6      | Found a shadowy altar of Dithmenos.
  8950 | D:6      | Found Pubbai's Quality Used Wands.
  9141 | D:7      | Reached skill level 1 in Evocations
  9281 | D:7      | HP: 2/41 [giant frog (6)]
  9285 | D:7      | Slain by a giant frog

Vault maps used:
D:1:      dpeg_arrival_rooms_c, minmay_statues_item, minmay_misc_feat_cross,
          minmay_three_crescents
D:3:      makhleb_grotto_becter
D:4:      old_standard_altar, minmay_temple_entry_glass, tgw_sif
D:5:      serial_undead, serial_undead_c, serial_undead_c, serial_undead_d,
          serial_undead_b, first_bread, serial_shops, nicolae_shop_trees,
          bloody_makhleb, uniq_prince_ribbit1, uniq_pikel, uniq_eustachio
D:6:      kennysheep_mini_moat, hangedman_decor_diamond_cutter,
          nicolae_for_you_no_charge
D:7:      grunt_gozag_statues, grunt_livestock, uniq_crazy_yiuf_cottage,
          uniq_menkaure
D:8:      kennysheep_little_box, ashenzari_altar_1, enter_bailey_3,
          serial_shops, nicolae_shop_statue_plus, basic_altar,
          grunt_ministairs_8
Temple:   circular_temple_12

Action                   |  1- 3 |  4- 6 |  7- 9 || total
-------------------------+-------+-------+-------++-------
Melee: Unarmed           |    24 |       |       ||    24
       Short sword       |     4 |     3 |     8 ||    15
 Cast: Magic Dart        |    92 |   181 |   168 ||   441
       Conjure Flame     |       |    12 |    15 ||    27
       Call Imp          |       |     2 |     1 ||     3
       Mephitic Cloud    |       |     1 |     2 ||     3
       Repel Missiles    |       |       |     2 ||     2
       Blink             |       |       |     4 ||     4
  Use: Potion            |     3 |     5 |     3 ||    11
       Scroll            |       |     3 |       ||     3
 Stab: Sleeping          |     1 |       |       ||     1
  Eat: Chunk             |     6 |    12 |     7 ||    25
